AoeStats
← wow_oh_03

Arena

509018477Analyzed
1v1 RM · 8d ago on Sep 25, 2026· 48m 35s· 2 players
Game mode
Random Map
Map size
Tiny (2 player)
Population
200
Speed
Normal
Resources
Standard
Victory
Conquest
Starting age
Dark Age
Ending age
Imperial Age
RankedLock teamsTeams togetherTeam positionsShared explorationLock speedFull tech treeHidden civsTurbo modeCheats
Victory
Defeat
🇺🇸 Byzantines · United States
946
+17
🇹🇼 Danes · Taiwan
959
-17
analogguy
10:49 Feudal Age
16:36 Castle Age
15:51 Double-Bit Axe
16:44 Wheelbarrow
16:02 Gold Mining
20:48 Elite Skirmisher
32:22 Imperial Age
30:11 Hand Cart
31:05 Ballistics
30:44 Fletching
30:59 Scale Barding Armor
31:04 Forging
31:55 Bodkin Arrow
32:00 Padded Archer Armor
32:21 Horse Collar
32:54 Bow Saw
32:37 Stone Mining
34:39 Bracer
34:54 Leather Archer Armor
34:55 Heavy Camel Rider
36:17 Conscription
37:24 Leather Archer Armor
37:30 Chain Barding Armor
37:20 Forging
39:22 Ring Archer Armor
wow_oh_03
10:37 Feudal Age
8:55 Loom
11:43 Double-Bit Axe
11:39 Horse Collar
14:50 Scale Mail Armor
18:04 Castle Age
19:15 Bow Saw
21:59 Chain Mail Armor
21:35 Pikeman
25:09 Squires
27:31 Loom
28:22 Wheelbarrow
29:02 Stone Mining
30:46 Heavy Plow
31:20 Forging
31:03 Gambesons
32:08 Fletching
31:48 Elite Skirmisher
35:01 Hand Cart
37:46 Imperial Age
35:39 Hamask
36:26 Gold Mining
37:16 Stone Shaft Mining
36:55 Arson
40:32 Onager
41:45 Murder Holes
42:11 Ballistics
44:08 Elite Varangian Guard
44:08 Halberdier
44:23 Siege Onager
44:31 Siege Onager
46:40 Plate Mail Armor
46:45 Iron Casting
47:20 Bodkin Arrow
48:38 Conscription
Connection lost

Rejoining the realm…

Still unreachable

The connection could not be restored.

Session expired

The server has moved on; the page needs a fresh start.